 Dungeon Crawl Stone Soup version 0.31-b1-20-g67cafac56d (webtiles) character file.

Game seed: 8019482425632681567

7581 Arctor the Ducker (level 11, -6/74 HPs)
             Began as a Gnoll Hexslinger on Jan 17, 2024.
             Was a Priest of Fedhas.
             Mangled by a yak (13 damage)
             ... on level 10 of the Dungeon.
             The game lasted 00:18:24 (10715 turns).

Arctor the Ducker (Gnoll Hexslinger)               Turns: 10715, Time: 00:18:25

Health: -6/74      AC:  8    Str: 12    XL:     11   Next: 17%
Magic:  19/21      EV: 18    Int: 13    God:    Fedhas [***...]
Gold:   723        SH:  0    Dex: 22    Spells: 3/23 levels left

rFire   + . .        f - +1 orcbow (freeze)
rCold   + . .        (shield currently unavailable)
rNeg    . . .        D - +0 steam dragon scales
rPois   +            (no helmet)
rElec   +            l - +0 cloak
rCorr   +            (no gloves)
SInv    .            y - +0 pair of boots
Will    .....        e - amulet of the acrobat
Stlth   ++++         q - +6 ring of strength
HPRegen 0.32/turn    o - ring of willpower
MPRegen 0.17/turn

%: acrobat
@: resistant, weak-willed, jinxed
A: fangs 1, strong nose, distributed training, hooves 1, agile 1, frail 1
a: Renounce Religion, Wall of Briars, Grow Ballistomycete


You were on level 10 of the Dungeon.
You worshipped Fedhas.
Fedhas was most pleased with you.
You visited 2 branches of the dungeon, and saw 11 of its levels.

You collected 723 gold pieces.

Inventory:

Hand Weapons
 a - a +1 sling
 f - a +1 orcbow of freezing (weapon)
 v - a +4 sling of flaming
 C - a +2 rapier of flaming
Armour
 c - a +1 robe
 l - a +0 cloak (worn)
 y - a +0 pair of boots (worn)
 D - +0 steam dragon scales (worn)
Magical Staves
 n - a staff of cold
 u - a staff of cold
Jewellery
 d - a ring of ice
 e - an amulet of the acrobat (around neck)
 h - an amulet of magic regeneration
 o - a ring of willpower (right hand)
 q - a +6 ring of strength (left hand)
 B - a ring of resist corrosion
 F - a ring of protection from cold
Wands
 z - a wand of flame (27)
 J - a wand of acid (6)
 K - a wand of roots (2)
Scrolls
 b - 2 scrolls of poison
 g - 2 scrolls of noise
 j - 3 scrolls of teleportation
 p - 2 scrolls of fear
 s - a scroll of amnesia
 t - a scroll of blinking
 E - a scroll of immolation
 H - a scroll of silence
Potions
 i - a potion of enlightenment
 k - a potion of haste
 m - 5 potions of invisibility
 r - a potion of berserk rage
 w - 3 potions of curing
 x - a potion of magic
 A - a potion of mutation
 G - a potion of lignification


   Skills:
 + Level 6.8 Fighting
 + Level 6.2 Short Blades
 + Level 6.2 Long Blades
 + Level 6.2 Axes
 + Level 6.2 Maces & Flails
 + Level 6.2 Polearms
 + Level 6.2 Staves
 + Level 7.8 Ranged Weapons
 + Level 6.2 Throwing
 + Level 6.2 Armour
 + Level 7.8 Dodging
 + Level 6.2 Stealth
 + Level 6.2 Shields
 + Level 6.2 Unarmed Combat
 + Level 6.9 Spellcasting
 + Level 5.2 Conjurations
 + Level 7.6 Hexes
 + Level 5.2 Summonings
 + Level 5.2 Necromancy
 + Level 5.2 Translocations
 + Level 5.6 Fire Magic
 + Level 5.2 Ice Magic
 + Level 5.2 Air Magic
 + Level 5.2 Earth Magic
 + Level 5.2 Alchemy
 + Level 6.9 Invocations
 + Level 6.2 Evocations
 + Level 5.7 Shapeshifting


You had 3 spell levels left.
You knew the following spells:

 Your Spells              Type           Power      Damage    Failure   Level
a - Jinxbite              Hex            48%        N/A       1%          2
b - Inner Flame           Hex/Fire       21%        N/A       3%          3
c - Blink                 Tloc           36%        N/A       2%          2
d - Sigil of Binding      Hex            24%        N/A       1%          3
e - Ozocubu's Armour      Ice            18%        N/A       5%          3
f - Hailstorm             Conj/Ice       18%        3d7       5%          3
g - Dimensional Bullseye  Hex/Tloc       10%        N/A       11%         4

Your spell library contained the following spells:

 Spells                   Type           Power      Damage    Failure   Level
 Apportation              Tloc           36%        N/A       1%          1
 Lesser Beckoning         Tloc           36%        N/A       2%          2
 Momentum Strike          Conj/Tloc      36%        3d9       2%          2
 Summon Ice Beast         Ice/Summ       18%        N/A       5%          3
 Cause Fear               Hex            12%        N/A       7%          4
 Metabolic Englaciation   Hex/Ice        10%        N/A       30%         5
 Alistair's Intoxication  Alch           12%        N/A       45%         5
 Sculpt Simulacrum        Ice/Alch       9%         N/A       95%         6


Dungeon Overview and Level Annotations

Branches:
Dungeon (10/15)            Temple (1/1) D:5            Lair (0/5) D:9
    Orc: D:9-12

Altars:
Ashenzari
Cheibriados
Dithmenos
Elyvilon
Fedhas
Gozag
Hepliaklqana
Kikubaaqudgha
Makhleb
Nemelex Xobeh
Okawaru
Qazlal
Ru
Sif Muna
Trog
Uskayaw
Vehumet
Wu Jian
Xom
Yredelemnul
Zin
The Shining One

Shops:
D:1 ?

Annotations:
D:10 3 runed translucent doors, Marethyu's ghost, novice MfGl


Innate Abilities, Weirdness & Mutations

You have very sharp teeth.
Your uncanny sense of smell can sniff out nearby items.
Your experience applies equally to all skills.
You have large cloven feet.
You are agile. (Dex +4, Str/Int -1)
You are frail. (-10% HP)


Message History

The yak is severely wounded.
The jinxing sprites lose interest in you.
The yak completely misses you. The yak misses you. The yak gores you!
You shoot an arrow. The arrow closely misses the yak.
The yak gores you. The yak completely misses you. The yak gores you!
You shoot an arrow. The arrow hits the yak.
The arrow freezes the yak.
The yak is almost dead.
The yak misses you. The yak gores you! The yak completely misses you.
You are too injured to fight recklessly!
You shoot an arrow. The arrow hits the yak!
The arrow freezes the yak.
You kill the yak!
Fedhas appreciates your contribution to the ecosystem.
The yak gores you. The yak completely misses you.
You shoot an arrow. The arrow barely misses the yak.
The yak gores you. The yak barely misses you.
The yak attacks as it pursues you! The yak closely misses you.
The yak completely misses you. The yak attacks as it pursues you!
The yak completely misses you.
You shoot an arrow. The arrow hits the yak.
The arrow freezes the yak.
The yak is lightly wounded.
The yak closely misses you. The yak gores you!
* * * LOW HITPOINT WARNING * * *
The yak attacks as it pursues you! The yak completely misses you.
The yak attacks as it pursues you! The yak completely misses you.
The yak attacks as it pursues you! The yak gores you.
* * * LOW HITPOINT WARNING * * *
You feel your willpower return. The yak attacks as it pursues you!
The yak barely misses you.
There is a stone staircase leading up here.
It was a potion of resistance.
You feel protected. The yak misses you. x2
Casting: Jinxbite (safe; 1% risk of failure)
Confirm with . or Enter, or press ? or * to list all spells.
You beckon some vexing sprites to accompany your attacks.
You feel your willpower being sapped. The yak gores you!
* * * LOW HITPOINT WARNING * * *
The yak gores you!
You die...
Fedhas appreciates your contribution to the ecosystem.

∆...#.+..........#
∆...#o#..........#
.##oo#............
.8#oo#....###..... .##oo#..###
#... ..ooo#..### #####
######8...######≈≈≈§§
#..............#≈.§§###
##...Y@........'.......
#...Y..####...#≈...### .
##.............#≈≈≈≈≈≈#
.##########..............######≈#
..............................#
..†.................####......#
.......##.........### #..<...#
.###########.....## #......#
#.....# #.......#


You could see 2 yaks and 3 orcs.

Vanquished Creatures
  Pikel (D:5)
  Maggie (D:6)
  A troll (D:9)
  Sigmund (D:6)
  A shadow (D:9)
  2 wyverns
  12 yaks
  2 steam dragons
  Edmund (D:5)
  Menkaure (D:6)
  2 water moccasins
  4 orc warriors
  A sky beast (D:7)
  2 ice beasts
  2 centaurs
  4 bullfrogs
  6 scorpions
  17 wights
  7 killer bees (D:9)
  2 howler monkeys (D:8)
  3 bombardier beetles
  3 hounds
  A jelly (D:2)
  3 orc priests
  A sleepcap (D:4)
  4 iguanas
  6 orc wizards
  A mummy (D:4)
  15 adders
  A shadow imp (D:6)
  3 white imps
  The ghost of Esekla the Sneak, a weakling OpDe (D:5)
  3 dart slugs
  A ribbon worm (D:3)
  44 orcs
  12 bats
  5 endoplasms
  5 giant cockroaches
  3 goblins
  6 hobgoblins
  3 kobolds (D:2)
  6 quokkas
  5 ball pythons
  3 frilled lizards (D:2)
  A hobgoblin zombie (D:4)
  3 orc zombies (D:4)
  4 rats
216 creatures vanquished.

Vanquished Creatures (others)
  A sleepcap (D:6)
1 creature vanquished.

Grand Total: 217 creatures vanquished

Notes
Turn   | Place    | Note
-------+----------+-------------------------------------------
     0 | D:1      | Arctor the Gnoll Hexslinger began the quest for the Orb.
     0 | D:1      | Reached XP level 1. HP: 17/17 MP: 4/4
   126 | D:1      | Found Tiemym's Magic Scroll Boutique.
   422 | D:1      | Reached XP level 2. HP: 23/23 MP: 5/5
   425 | D:1      | Learned a level 2 spell: Jinxbite
  1099 | D:2      | Reached XP level 3. HP: 28/28 MP: 4/7
  1146 | D:2      | Reached skill level 1 in Invocations
  1343 | D:2      | Reached skill level 1 in Short Blades
  1343 | D:2      | Reached skill level 1 in Long Blades
  1343 | D:2      | Reached skill level 1 in Axes
  1343 | D:2      | Reached skill level 1 in Maces & Flails
  1343 | D:2      | Reached skill level 1 in Polearms
  1343 | D:2      | Reached skill level 1 in Staves
  1343 | D:2      | Reached skill level 1 in Throwing
  1343 | D:2      | Reached skill level 1 in Armour
  1343 | D:2      | Reached skill level 1 in Stealth
  1343 | D:2      | Reached skill level 1 in Shields
  1343 | D:2      | Reached skill level 1 in Unarmed Combat
  1343 | D:2      | Reached skill level 1 in Evocations
  1812 | D:3      | Reached skill level 1 in Shapeshifting
  1812 | D:3      | Reached XP level 4. HP: 28/34 MP: 5/8
  1816 | D:3      | Reached skill level 1 in Conjurations
  1816 | D:3      | Reached skill level 1 in Summonings
  1816 | D:3      | Reached skill level 1 in Necromancy
  1816 | D:3      | Reached skill level 1 in Translocations
  1816 | D:3      | Reached skill level 1 in Ice Magic
  1816 | D:3      | Reached skill level 1 in Air Magic
  1816 | D:3      | Reached skill level 1 in Earth Magic
  1816 | D:3      | Reached skill level 1 in Alchemy
  1887 | D:3      | Reached XP level 5. HP: 25/40 MP: 5/9
  2319 | D:3      | Learned a level 3 spell: Inner Flame
  2322 | D:3      | Learned a level 2 spell: Blink
  2326 | D:3      | Learned a level 3 spell: Sigil of Binding
  2552 | D:3      | Reached XP level 6. HP: 47/47 MP: 11/11
  3113 | D:4      | Reached skill level 5 in Ranged Weapons
  3113 | D:4      | Reached skill level 5 in Dodging
  3287 | D:4      | Reached XP level 7. HP: 36/52 MP: 12/12
  4546 | D:5      | Entered Level 5 of the Dungeon
  4590 | D:5      | Learned a level 3 spell: Ozocubu's Armour
  4792 | D:5      | Reached XP level 8. HP: 43/60 MP: 11/14
  4897 | D:5      | Noticed Pikel
  4919 | D:5      | Killed Pikel
  5178 | D:5      | Noticed Edmund
  5186 | D:5      | Gained mutation: You have large cloven feet. [potion of
                  | mutation]
  5186 | D:5      | Gained mutation: You are frail. (-10% HP) [potion of
                  | mutation]
  5186 | D:5      | Gained mutation: You are agile. (Dex +4, Str/Int -1)
                  | [potion of mutation]
  5198 | D:5      | Killed Edmund
  5344 | D:5      | Learned a level 3 spell: Hailstorm
  5424 | D:5      | Noticed a yak
  5424 | D:5      | Noticed a yak
  5536 | D:5      | Found a staircase to the Ecumenical Temple.
  5546 | D:5      | Reached XP level 9. HP: 46/51 MP: 16/16
  5557 | Temple   | Entered the Ecumenical Temple
  5633 | Temple   | Became a worshipper of Fedhas Madash
  5703 | D:5      | Found a runed translucent door.
  5709 | D:5      | Noticed Esekla's ghost (weakling OpDe)
  5726 | D:5      | Killed Esekla's ghost
  5855 | D:5      | Reached skill level 5 in Spellcasting
  6414 | D:6      | Noticed Menkaure
  6414 | D:6      | Noticed Sigmund
  6605 | D:5      | Reached skill level 5 in Fighting
  6624 | D:5      | Reached skill level 5 in Invocations
  6765 | D:6      | Noticed Maggie
  6848 | D:6      | Killed Maggie
  6992 | D:6      | Killed Sigmund
  7114 | D:6      | Reached * piety under Fedhas
  7187 | D:6      | Reached skill level 5 in Short Blades
  7187 | D:6      | Reached skill level 5 in Long Blades
  7187 | D:6      | Reached skill level 5 in Axes
  7187 | D:6      | Reached skill level 5 in Maces & Flails
  7187 | D:6      | Reached skill level 5 in Polearms
  7187 | D:6      | Reached skill level 5 in Staves
  7187 | D:6      | Reached skill level 5 in Throwing
  7187 | D:6      | Reached skill level 5 in Armour
  7187 | D:6      | Reached skill level 5 in Stealth
  7187 | D:6      | Reached skill level 5 in Shields
  7187 | D:6      | Reached skill level 5 in Unarmed Combat
  7187 | D:6      | Reached skill level 5 in Evocations
  7274 | D:6      | Reached XP level 10. HP: 68/68 MP: 18/18
  7347 | D:6      | Killed Menkaure
  7565 | D:7      | Learned a level 4 spell: Dimensional Bullseye
  7922 | D:7      | Reached ** piety under Fedhas
  8079 | D:7      | Reached skill level 5 in Fire Magic
  8481 | D:8      | Reached skill level 5 in Shapeshifting
  8998 | D:8      | Found a basalt altar of Yredelemnul.
  9000 | D:8      | Noticed a profane servitor
  9005 | D:8      | Found a glowing golden altar of the Shining One.
  9007 | D:8      | Noticed an angel
 10024 | D:9      | Reached *** piety under Fedhas
 10070 | D:9      | Found a staircase to the Lair.
 10214 | D:9      | Reached skill level 5 in Conjurations
 10214 | D:9      | Reached skill level 5 in Summonings
 10214 | D:9      | Reached skill level 5 in Necromancy
 10214 | D:9      | Reached skill level 5 in Translocations
 10214 | D:9      | Reached skill level 5 in Ice Magic
 10214 | D:9      | Reached skill level 5 in Air Magic
 10214 | D:9      | Reached skill level 5 in Earth Magic
 10214 | D:9      | Reached skill level 5 in Alchemy
 10343 | D:9      | Reached XP level 11. HP: 74/74 MP: 21/21
 10637 | D:10     | Entered Level 10 of the Dungeon
 10651 | D:10     | Found a runed translucent gate.
 10652 | D:10     | Found a runed translucent gate.
 10654 | D:10     | Found a runed translucent gate.
 10655 | D:10     | Noticed Marethyu's ghost (novice MfGl)
 10715 | D:10     | Mangled by a yak

Illustrated notes

Levels and vault maps discovered:
D:1:      dpeg_arrival_fog, layout_basic, serial_shops, shop_scrolls
D:2:      layout_basic, ebering_dispersal_statue_hall,
          nicolae_houndstooth_variations
D:3:      layout_basic, glass_columns_c, roderic_batcave
D:4:      layout_gridville, nicolae_ossuary_entry_monument, minmay_mini_ossuary
D:5:      layout_cave_pods, minmay_temple_entry_statues_pillars,
          ebering_ghost_sewer_d, chequers_serial_rivers_room_a,
          nicolae_half_adder, uniq_edmund, uniq_pikel
D:6:      nicolae_whirlpool, layout_basic, uniq_menkaure, uniq_sigmund,
          uniq_maggie
D:7:      layout_loops_corners
D:8:      layout_loops_ring, grunt_temple_overflow_holy_war,
          grunt_decor_junction
D:9:      layout_long_grid, lair_entry_dummy
D:10:     minmay_the_grid_3x2 [minmay_the_grid_zigzag_pyramid,
          minmay_the_grid_armoury, minmay_the_grid_large_cup,
          minmay_the_grid_fan, minmay_the_grid_slots,
          minmay_the_grid_prize_shrinking_boxes], layout_layer_cave,
          biasface_ghost_orc_armoury, kennysheep_minor_cross, st_stairs_13,
          nicolae_twisting_strands
Temple:   nicolae_temple_slightly_damp_pantheon

Skill      XL: |  1  2  3  4  5  6  7  8  9 10 |
---------------+-------------------------------+-----
Fire Magic     | 2 3 4 5 |  5.6
Invocations    | 1 2 3 4 5 6 |  6.9
Short Blades   | 1 2 3 5 6 |  6.2
Long Blades    | 1 2 3 5 6 |  6.2
Axes           | 1 2 3 5 6 |  6.2
Maces & Flails | 1 2 3 5 6 |  6.2
Polearms       | 1 2 3 5 6 |  6.2
Staves         | 1 2 3 5 6 |  6.2
Throwing       | 1 2 3 5 6 |  6.2
Armour         | 1 2 3 5 6 |  6.2
Stealth        | 1 2 3 5 6 |  6.2
Shields        | 1 2 3 5 6 |  6.2
Unarmed Combat | 1 2 3 5 6 |  6.2
Evocations     | 1 2 3 5 6 |  6.2
Shapeshifting  | 1 2 3 4 5 |  5.7
Spellcasting   | 3 4 5 6 |  6.9
Conjurations   | 1 2 3 4 5 |  5.2
Summonings     | 1 2 3 4 5 |  5.2
Necromancy     | 1 2 3 4 5 |  5.2
Translocations | 1 2 3 4 5 |  5.2
Ice Magic      | 1 2 3 4 5 |  5.2
Air Magic      | 1 2 3 4 5 |  5.2
Earth Magic    | 1 2 3 4 5 |  5.2
Alchemy        | 1 2 3 4 5 |  5.2
Fighting       | 3 4 5 6 |  6.8
Ranged Weapons | 5 6 7 |  7.8
Dodging        | 5 6 7 |  7.8
Hexes          | 6 7 |  7.6

Action                     |  1- 3 |  4- 6 |  7- 9 | 10-12 || total
---------------------------+-------+-------+-------+-------++-------
  Melee: Sling             |       |       |     1 |       ||     1
         Bite              |       |       |     1 |       ||     1
   Fire: Sling             |    80 |   123 |   267 |   162 ||   632
         Orcbow            |       |       |       |   143 ||   143
   Cast: Jinxbite          |     7 |    12 |    30 |    27 ||    76
         Ozocubu's Armour  |       |       |     1 |       ||     1
         Hailstorm         |       |       |     3 |       ||     3
         Sigil of Binding  |       |       |     2 |       ||     2
         Inner Flame       |       |       |     1 |       ||     1
         Blink             |       |       |       |     1 ||     1
    Use: Scroll            |     4 |     2 |     5 |     7 ||    18
         Potion            |       |       |     3 |     1 ||     4
 Armour: Robe              |    12 |    39 |    96 |    85 ||   232
         Skin              |       |       |    11 |       ||    11
         Steam dragon scal |       |       |       |    14 ||    14
  Dodge: Dodged            |    21 |    51 |   121 |   180 ||   373
